 Dungeon Crawl Stone Soup version 0.23-a0-449-g8e4cbf7 (webtiles) character file.

11243 galech the Cleaver (level 11, -4/83 HPs)
             Began as a Demonspawn Fighter on Nov 21, 2018.
             Was an Elder of Okawaru.
             Slain by a wraith (5 damage)
             ... led by Josephine
             ... on level 10 of the Dungeon.
             The game lasted 00:15:15 (8383 turns).

galech the Cleaver (Demonspawn Fighter)             Turns: 8383, Time: 00:15:16

Health: -4/83      AC: 18    Str: 20    XL:     11   Next: 46%
Magic:  0/11       EV: 10    Int:  9    God:    Okawaru [****..]
Gold:   827        SH: 13    Dex: 21    Spells: 10/10 levels left

rFire    + . .     SeeInvis .   v - +7 hand axe of the Lesser Evil {chop, rElec rF+ Str+2 Stlth-}
rCold    . . .     Gourm    .   c - +0 shield
rNeg     . . .     Faith    .   C - +0 plate armour
rPois    +         Spirit   +   i - +2 hat
rElec    +         Reflect  .   (no cloak)
rCorr    .         Harm     .   J - +0 pair of gloves
MR       .....                  (no boots)
Stlth    ..........             p - amulet of guardian spirit
HPRegen  0.23/turn              k - +6 ring of dexterity
MPRegen  0.12/turn              y - ring of poison resistance

@: heroism, slowed, drained, very slow
A: talons 2, demonic guardian 1, powered by death 2
a: Heroism, Renounce Religion


You were on level 10 of the Dungeon.
You worshipped Okawaru.
Okawaru was greatly pleased with you.
You were not hungry.

You visited 2 branches of the dungeon, and saw 11 of its levels.
You also visited: Bailey.

You collected 995 gold pieces.
You spent 168 gold pieces at shops.

Inventory:

Hand Weapons
 s - a +0 scimitar of flaming
 v - the +7 hand axe of the Lesser Evil (weapon) {chop, rElec rF+ Str+2 Stlth-}
   (You bought it in a shop on level 6 of the Dungeon)

   It inflicts extra damage upon your enemies.
   It affects your strength (+2).
   It protects you from fire.
   It insulates you from electricity.
   It makes you less stealthy.
Armour
 c - a +0 shield (worn)
 i - a +2 hat (worn)
 q - a +1 leather armour of fire resistance
 C - a +0 plate armour (worn)
 J - a +0 pair of gloves (worn)
Jewellery
 k - a +6 ring of dexterity (left hand)
 p - an amulet of guardian spirit (around neck)
 w - an uncursed ring of positive energy
 y - a ring of poison resistance (right hand)
 G - an uncursed ring of positive energy
 K - the ring of Enwaah {Ice Int+3}
   (You took it off an orc warrior in a bailey)

   [ring of ice]

   It enhances your ice magic.
   It affects your intelligence (+3).
   It makes you vulnerable to fire.
   It protects you from cold.
Wands
 d - a wand of polymorph (11)
 F - a wand of disintegration (14)
 H - a wand of acid (7)
Scrolls
 g - 6 scrolls of remove curse
 h - a scroll of fear
 l - 3 scrolls of enchant weapon
 m - 2 scrolls of magic mapping
 n - a scroll of enchant armour
 t - 5 scrolls of teleportation
 x - a scroll of silence
 A - a scroll of random uselessness
 E - a scroll of holy word {unknown}
 I - a scroll of amnesia
Potions
 a - 2 potions of flight
 b - 2 potions of degeneration {unknown}
 e - 5 potions of curing {unknown}
 o - 2 potions of brilliance {unknown}
 r - 2 potions of mutation {unknown}
 u - a potion of cancellation {unknown}
 z - 2 potions of lignification {unknown}
 B - a potion of haste {unknown}
 D - a potion of ambrosia {unknown}
Comestibles
 f - 16 rations


   Skills:
 + Level 6.9(10.6) Fighting
 + Level 10.5(14.0) Axes
 + Level 7.8(11.4) Armour
 + Level 2.6(6.4) Dodging
 + Level 4.4(8.2) Stealth
 + Level 8.4(12.0) Shields
 + Level 0.2(0.0) Invocations


You had 10 spell levels left.
You didn't know any spells.
Your spell library contained the following spells:

 Spells                   Type           Power        Failure   Level  Hunger
 Animate Skeleton         Necr           N/A          100%        1    ##.....
 Beastly Appendage        Tmut           #.....       100%        1    ##.....
 Sticks to Snakes         Tmut           #.......     100%        2    ###....
 Spider Form              Tmut/Pois      #.........   100%        3    ####...
 Ice Form                 Ice/Tmut       #.......     100%        4    #####..
 Blade Hands              Tmut           #.........   100%        5    ######.


Dungeon Overview and Level Annotations

Branches:
Dungeon (10/15)            Temple (1/1) D:7            Lair (0/6) D:9
    Orc (0/2) D:10

Altars:
Ashenzari
Cheibriados
Dithmenos
Elyvilon
Fedhas
Gozag
Hepliaklqana
Kikubaaqudgha
Makhleb
Nemelex Xobeh
Okawaru
Qazlal
Ru
Sif Muna
Trog
Uskayaw
Vehumet
Wu Jian
Xom
Yredelemnul
Zin
The Shining One

Shops:
D:6 :}[(

Annotations:
D:3 2 transporters, Ratty's ghost, amateur MiHu
D:10 Josephine


Innate Abilities, Weirdness & Mutations

You have razor-sharp toenails.
A weak demonic guardian rushes to your aid.
You regenerate health from kills.


Message History

Your shield and plate armour prevent you from hitting the wraith.
You hit the wraith but do no damage. You hit the wraith.
You block the wraith's attack.
Josephine is infused with unholy energy.
* * * LOW HITPOINT WARNING * * *
Josephine draws life force from you and is healed!
Your iron imp hits the wraith!
The wraith closely misses you. You block the wraith's attack.
You slash Josephine! You claw Josephine.
Josephine is severely wounded.
You hit the wraith. You hit the wraith but do no damage. You slash the wraith!
You destroy the wraith!
Okawaru accepts your kill. The wraith hits you.
* * * LOW HITPOINT WARNING * * *
Josephine is infused with unholy energy.
* * * LOW HITPOINT WARNING * * *
Josephine draws life force from you and is healed!
The wraith hits you.
You die...

**,,**** ##....#
**,#....*##....#.
**,.......#......#
*,#..............#
*###...............#
##,..#...............
##.##.................
#...#W@...............
#....@................
#....5W...............
#.....................
#..................#..
#........#.....#.#.#..
#.......##*.....###...
#......## *#....* #...
#>......###....####...
#........#.........#..


You could see Josephine, 2 wraiths and a friendly iron imp.

Vanquished Creatures
  Erica (D:10)
  A deep elf mage (D:10)
  Pikel (D:5)
  2 orc knights (Bailey)
  A hornet (D:9)
  A spriggan (D:7)
  Sigmund (D:6)
  A wyvern (D:10)
  3 wraiths (D:10)
  A yak (D:10)
  Eustachio (D:4)
  A basilisk (D:9)
  A steam dragon (D:10)
  4 hungry ghosts
  A water moccasin (D:8)
  2 sky beasts
  5 orc warriors (Bailey)
  4 porcupines (D:9)
  4 slaves
  6 ice beasts
  2 black bears (D:9)
  A phantom (D:4)
  2 wolves (D:9)
  3 ogres
  7 centaurs
  2 big kobolds
  4 crocodiles (D:9)
  2 bullfrogs
  A wyvern skeleton (D:8)
  2 scorpions
  5 killer bees (D:8)
  2 crimson imps (D:10)
  A bullfrog skeleton (D:9)
  6 hounds
  A jelly (D:8)
  4 orc priests
  7 orc wizards
  8 iguanas
  5 worker ants
  A hound skeleton (D:7)
  A worker ant zombie (D:5)
  Robin (D:4)
  A howler monkey skeleton (D:8)
  9 adders
  9 gnolls
  A shadow imp (D:8)
  2 oozes
  A worm (D:3)
  3 leopard geckos
  17 orcs
  7 bats
  6 giant cockroaches
  12 goblins
  13 hobgoblins
  13 jackals
  4 quokkas
  8 frilled lizards
  A jackal skeleton (D:4)
  21 kobolds
  2 leopard gecko skeletons (D:5)
  8 rats
248 creatures vanquished.

Vanquished Creatures (collateral kills)
  2 two-headed ogres (D:9)
  3 yaks (D:10)
  A hungry ghost (D:8)
  Menkaure (D:6)
  A porcupine (D:9)
  A hornet zombie (D:10)
  An ice beast (D:4)
  2 centaurs (D:6)
  A bullfrog skeleton (D:10)
  An orc (D:5)
  A jackal (D:5)
  A kobold (D:8)
  A quokka skeleton (D:4)
17 creatures vanquished.

Vanquished Creatures (others)
  2 plants
2 creatures vanquished.

Grand Total: 267 creatures vanquished

Notes
Turn   | Place    | Note
-------+----------+-------------------------------------------
     0 | D:1      | galech the Demonspawn Fighter began the quest for the Orb.
     0 | D:1      | Reached XP level 1. HP: 18/18 MP: 1/1
   205 | D:1      | Gained mutation: You regenerate a little health from kills.
                  | [demonic ancestry]
   205 | D:1      | Reached XP level 2. HP: 22/24 MP: 2/2
   730 | D:2      | Reached skill level 2 in Axes
   848 | D:2      | Gained mutation: You have sharp toenails. [demonic
                  | ancestry]
   848 | D:2      | Reached XP level 3. HP: 29/29 MP: 3/3
  1068 | D:2      | Found a radiant altar of Vehumet.
  1068 | D:2      | Found an ancient bone altar of Kikubaaqudgha.
  1069 | D:2      | Found a deep blue altar of Sif Muna.
  1074 | D:2      | Identified Kikubaaqudgha's Handbook of Sinister Magic
  1444 | D:3      | Found a sacrificial altar of Ru.
  1445 | D:3      | Found a bloodstained altar of Trog.
  1447 | D:3      | Found a blossoming altar of Fedhas.
  1454 | D:3      | Found a shimmering altar of Xom.
  1495 | D:3      | Gained mutation: A weak demonic guardian rushes to your
                  | aid. [demonic ancestry]
  1495 | D:3      | Reached XP level 4. HP: 32/35 MP: 4/4
  1643 | D:3      | Found a transporter.
  1666 | D:3      | Found a transporter.
  1667 | D:3      | Noticed Ratty's ghost (amateur MiHu)
  1747 | D:3      | Reached skill level 3 in Axes
  2008 | D:4      | Noticed an ice beast
  2013 | D:4      | Killed an ice beast
  2013 | D:4      | Reached skill level 1 in Dodging
  2013 | D:4      | Reached XP level 5. HP: 41/41 MP: 5/5
  2031 | D:4      | Noticed Robin
  2083 | D:4      | Reached XP level 6. HP: 43/48 MP: 6/6
  2105 | D:4      | Noticed Eustachio
  2129 | D:4      | Killed Eustachio
  2129 | D:4      | Reached skill level 4 in Axes
  2148 | D:4      | Killed Robin
  2444 | D:4      | Reached skill level 1 in Stealth
  2827 | D:5      | Entered Level 5 of the Dungeon
  2849 | D:5      | Gained mutation: You regenerate health from kills. [demonic
                  | ancestry]
  2849 | D:5      | Reached XP level 7. HP: 43/55 MP: 5/7
  2948 | D:5      | Reached skill level 5 in Axes
  3346 | D:6      | Found Wubutuck's Armour Boutique.
  3349 | D:6      | Got a smoking buckler
  3360 | D:6      | Identified the -5 buckler "Lyoteh" {SInv} (You found it on
                  | level 6 of the Dungeon)
  3381 | D:6      | Noticed Pikel
  3861 | D:5      | Killed Pikel
  3861 | D:5      | Reached skill level 6 in Axes
  3861 | D:5      | Gained mutation: You have razor-sharp toenails. [demonic
                  | ancestry]
  3861 | D:5      | Reached XP level 8. HP: 23/61 MP: 4/8
  4076 | D:6      | Noticed Sigmund
  4080 | D:6      | Killed Sigmund
  4080 | D:6      | Reached skill level 5 in Fighting
  4311 | D:6      | Reached skill level 5 in Shields
  4475 | D:6      | Found Ixuonnei's Antique Weapon Boutique.
  4475 | D:6      | Noticed Menkaure
  4481 | D:6      | Killed Menkaure
  4642 | D:6      | Bought a twisted hand axe for 168 gold pieces
  4642 | D:6      | Identified the +7 hand axe of the Lesser Evil {chop, rElec
                  | rF+ Str+2 Stlth-} (You bought it in a shop on level 6 of
                  | the Dungeon)
  4705 | D:6      | Found Bivoger's Gadget Boutique.
  4738 | D:6      | Found Jaggaos's Book Boutique.
  4941 | D:7      | Reached skill level 7 in Axes
  4941 | D:7      | Reached skill level 5 in Armour
  5007 | D:7      | Reached XP level 9. HP: 68/68 MP: 9/9
  5208 | D:7      | Found a staircase to the Ecumenical Temple.
  5226 | Temple   | Entered the Ecumenical Temple
  5491 | D:7      | Found an iron altar of Okawaru.
  5503 | D:7      | Became a worshipper of Warmaster Okawaru
  5883 | D:8      | Got a crude robe
  5894 | D:8      | Identified the cursed +0 robe of Surprise {rF- Str+6 SInv
                  | Stlth+} (You found it on level 8 of the Dungeon)
  5947 | D:8      | Reached * piety under Okawaru
  6328 | D:8      | Reached skill level 8 in Axes
  6749 | D:8      | Reached XP level 10. HP: 76/76 MP: 10/10
  6966 | D:9      | Reached ** piety under Okawaru
  6985 | D:9      | Found a staircase to the Lair.
  7111 | D:9      | Noticed a two-headed ogre
  7121 | D:9      | Killed a two-headed ogre
  7121 | D:9      | Reached *** piety under Okawaru
  7121 | D:9      | Reached skill level 9 in Axes
  7231 | D:9      | Noticed a two-headed ogre
  7238 | D:9      | Killed a two-headed ogre
  7262 | D:9      | Reached **** piety under Okawaru
  7488 | D:10     | Entered Level 10 of the Dungeon
  7498 | D:10     | Noticed a deep elf mage
  7513 | D:10     | Killed a deep elf mage
  7513 | D:10     | Reached skill level 10 in Axes
  7513 | D:10     | Reached XP level 11. HP: 39/83 MP: 5/11
  7515 | D:10     | Noticed Erica
  7715 | D:10     | Was placed under penance by Okawaru
  7742 | D:10     | Killed Erica
  7803 | D:10     | Found a flagged portal.
  7856 | D:10     | Got a warped hand axe
  7886 | Bailey   | Entered a bailey
  7919 | Bailey   | Identified the cursed +2 hand axe "Eviscerator" {chop,
                  | Dex+2} (You found it on level 10 of the Dungeon)
  8027 | Bailey   | Noticed an orc knight
  8030 | Bailey   | Identified the ring of Enwaah {Ice Int+3}
  8032 | Bailey   | Noticed an orc knight
  8039 | Bailey   | Killed an orc knight
  8044 | Bailey   | Was forgiven by Okawaru
  8061 | Bailey   | Killed an orc knight
  8371 | D:10     | Noticed Josephine
  8383 | D:10     | HP: 1/83 [Josephine/vampiric draining (5)]
  8383 | D:10     | Slain by a wraith

Vault maps used:
D:1:      eino_arrival_druids_welcome
D:2:      grunt_temple_overflow_magic_moments, first_ration
D:3:      grunt_temple_overflow_open, gammafunk_ghost_mausoleum
D:4:      serial_bayou, serial_bayou_lake_a, serial_bayou_crossing,
          serial_bayou_pond_d, serial_bayou_ford_a, uniq_robin, uniq_eustachio
D:5:      nrook_campfire
D:6:      serial_shops, nicolae_shop_statue_plus, nicolae_shop_trees, shop,
          kennysheep_little_box, uniq_pikel, uniq_menkaure, uniq_sigmund
D:7:      marbit_many_paths, minmay_temple_entry_glassed_door, the_bakery
D:8:      hangedman_minor_gate_pass
D:9:      minmay_lair_entry_grove, minmay_misc_feat_tiny, minmay_lizard_king
D:10:     hiddenorc1_lemuel, enter_bailey_2, uniq_maurice, uniq_josephine,
          uniq_erica
Temple:   jpeg_temple_clearing
Bailey:   bailey_axe_4, bailey

Skill      XL: |  1  2  3  4  5  6  7  8  9 10 11 |
---------------+----------------------------------+-----
Shields        | 3 4 5 6 7 8 |  8.4
Armour         | 3 4 5 6 7 |  7.8
Axes           | 2 3 4 6 7 8 10 | 10.5
Dodging        | 1 2 |  2.6
Fighting       | 4 5 6 |  6.9
Stealth        | 1 2 3 4 |  4.4
Invocations    | |  0.2

Action                   |  1- 3 |  4- 6 |  7- 9 | 10-12 || total
-------------------------+-------+-------+-------+-------++-------
Melee: War axe           |   104 |    93 |   121 |       ||   318
       Kick              |    16 |    40 |    89 |   103 ||   248
       Hand axe          |       |       |   134 |   271 ||   405
Invok: Heroism           |       |       |       |     2 ||     2
  Use: Potion            |       |       |     1 |     2 ||     3
       Scroll            |       |       |     8 |     5 ||    13
 Stab: Distracted        |       |     2 |     6 |     5 ||    13
  Eat: Chunk             |     2 |     5 |     8 |    10 ||    25
       Ration            |       |       |     2 |       ||     2
Armor: Scale mail        |    63 |    40 |    10 |       ||   113
       Chain mail        |       |       |    73 |       ||    73
       Plate armour      |       |       |       |   111 ||   111
Dodge: Dodged            |    37 |    27 |    56 |    53 ||   173
Block: Shield            |    59 |    59 |   146 |   163 ||   427

Table legend:
 A = Non-vault XP
 B = Vault XP
 C = Vault XP percentage of total XP
 D = Non-vault monster count
 E = Vault monster count
 F = Vault count percentage of total count
                 A         B        C        D         E       F
            +---------+---------+-------+---------+---------+-------
      Total |    9426 |    6636 |  41.3 |     190 |      71 |  27.2
            +---------+---------+-------+---------+---------+-------
        D:1 |      21 |       0 |   0.0 |      13 |       0 |   0.0
        D:2 |      34 |       0 |   0.0 |      19 |       0 |   0.0
        D:3 |     115 |       0 |   0.0 |      23 |       0 |   0.0
        D:4 |     356 |     180 |  33.6 |      17 |      13 |  43.3
        D:5 |     519 |     483 |  48.2 |      23 |       1 |   4.2
        D:6 |     570 |     325 |  36.3 |      10 |       2 |  16.7
        D:7 |     942 |     339 |  26.5 |      23 |       2 |   8.0
        D:8 |    1194 |     508 |  29.8 |      23 |       6 |  20.7
        D:9 |    3002 |    1820 |  37.7 |      20 |      19 |  48.7
       D:10 |    2673 |    1155 |  30.2 |      19 |       3 |  13.6
     Bailey |       0 |    1826 | 100.0 |       0 |      25 | 100.0
            +---------+---------+-------+---------+---------+-------
